 Dungeon Crawl Stone Soup version 0.28-a0-265-g048bc9fd10 (webtiles) character file.

Game seed: 1708599560386254705

1371 robertstho the Magician (level 8, -2/56 HPs)
             Began as a Djinni Fire Elementalist on Aug 27, 2021.
             Was an Initiate of Gozag.
             Shot with an arrow by a centaur (9 damage)
             ... on level 5 of the Dungeon.
             The game lasted 00:11:10 (7819 turns).

robertstho the Magician (Djinni Fire Elementalist)  Turns: 7819, Time: 00:11:11

Health: -2/56      AC:  2    Str:  7    XL:     8   Next: 97%
Gold:   536        EV: 13    Int: 19    God:    Gozag SH:  0 Dex: 14

rFire   + + .      SeeInvis .   b - +0 dagger
rCold   x . .      Faith    .   (no shield)
rNeg    + . .      Spirit   .   a - +0 robe
rPois   ∞          Reflect  .   (no helmet)
rElec   .          Harm     .   (no cloak)
rCorr   .          Rampage  .   (no gloves)
Will    .....                   (boots unavailable)
Stlth   ++........              (no amulet)
HPRegen 0.18/turn               n - ring of positive energy
MPRegen 0.00/turn               (no ring)

@: gold aura, flying, very slightly contaminated
A: sickness immunity, fire resistance 2, cold vulnerability 1, float, innate
caster, hp casting, extra vitality 1
a: Renounce Religion, Potion Petition, Call Merchant, Bribe Branch


You were on level 5 of the Dungeon.
You worshipped Gozag.
Gozag was pleased with you.
You visited 1 branch of the dungeon, and saw 5 of its levels.

You collected 572 gold pieces.
You paid 36 gold pieces to Gozag.

Inventory:

Hand Weapons
 b - a +0 dagger (weapon)
Armour
 a - a +0 robe (worn)
Jewellery
 n - a ring of positive energy (left hand)
Wands
 c - a wand of flame (23)
 m - a wand of mindburst (15)
Scrolls
 i - a scroll of acquirement {unknown}
Potions
 d - a potion of mutation {unknown}
 e - 2 potions of curing
 f - 2 potions of haste
 g - a potion of might {unknown}
 h - a potion of lignification {unknown}
 j - a potion of degeneration {unknown}
 k - a potion of invisibility
 l - 2 potions of brilliance {unknown}


   Skills:
 * Level 3.5 Fighting
 + Level 3.0 Dodging
 + Level 2.5 Stealth
 * Level 7.4 Spellcasting


You couldn't memorise any spells.
You knew the following spells:

 Your Spells              Type           Power      Damage    Failure   Level
a - Foxfire               Conj/Fire      100%       2x1d9     1%          1
b - Conjure Flame         Conj/Fire      35%        6-21      1%          3
c - Inner Flame           Hex/Fire       35%        N/A       1%          3
d - Sticky Flame          Conj/Fire      35%        2d5       4%          4
e - Fireball              Conj/Fire      17%        3d9       13%         5
f - Pain                  Necr           100%       1d9       1%          1
g - Wereblood             Tmut           35%        N/A       1%          2
h - Static Discharge      Conj/Air       35%        N/A       1%          2
Your spell library was empty.

Dungeon Overview and Level Annotations

Branches:
Dungeon (5/15)
 Temple: D:4-7

Altars:
Fedhas
Gozag
Ru
Sif Muna
Yredelemnul


Innate Abilities, Weirdness & Mutations

You are immune to sickness and miasma.
You are immune to poison.
Your flesh is very heat resistant. (rF++)
You are vulnerable to cold. (rC-)
You float through the air rather than walking.
You learn spells naturally, not from books.
Your magical power is your life essence.
You have superior vitality. (+4 HP)


Message History

The foxfire hits the necrophage but does no damage.
The necrophage is lightly damaged.
The foxfire hits the necrophage!
The necrophage is moderately damaged.
A centaur comes into view.
A dart slug comes into view.
The centaur wields a +0 shortbow.
The centaur shoots an arrow.
The arrow hits you!
Casting: Foxfire (safe; 1% risk of failure)
Press: ? - help, Q - select action, (/) - cycle Dir - look around, f - activate You conjure some foxfire!
The foxfire hits the necrophage.
The necrophage is heavily damaged.
The foxfire hits the necrophage.
The necrophage is heavily damaged.
Casting: Foxfire (safe; 1% risk of failure)
Press: ? - help, Q - select action, (/) - cycle Dir - look around, f - activate You conjure some foxfire!
The foxfire hits the necrophage but does no damage.
The necrophage is heavily damaged.
The foxfire hits the necrophage!
The necrophage is severely damaged.
The centaur shoots an arrow.
The arrow misses you.
Casting: Foxfire (safe; 1% risk of failure)
Press: ? - help, Q - select action, (/) - cycle Dir - look around, f - activate You miscast Foxfire.
You are very lightly contaminated with residual magic.
Nothing appears to happen.
The foxfire hits the necrophage.
The necrophage is almost destroyed.
The foxfire hits the necrophage!
You destroy the necrophage!
The centaur shoots an arrow.
The arrow misses you.
The centaur shoots an arrow.
The arrow hits you.
* * * LOW HITPOINT WARNING * * *
There is a stone staircase leading up here.
The centaur shoots an arrow.
The arrow hits you!
* * * LOW HITPOINT WARNING * * *
The centaur shoots an arrow.
The arrow hits you!
You die...
Your body crumbles into a pile of gold.

..## ....
...# ...#
#...##
##.....##
##........ $
#@.$......
#.(.......
.....(.....
#.w#.........
#.###.#......
... #..##.c..
..# #.. #...
.. #... #..


You could see a centaur and a dart slug.

Vanquished Creatures
  Pikel (D:4)
  Duvessa (D:4)
  2 necrophages
  An ogre (D:2)
  2 lemures (D:4)
  A scorpion (D:5)
  Blork the orc (D:4)
  Dowan (D:4)
  A hound (D:4)
  3 orc priests
  Natasha (thrice) (D:4)
  2 orc wizards
  A hound skeleton (D:4)
  An adder (D:2)
  An adder skeleton (D:4)
  4 worms (D:2)
  2 dart slugs
  17 orcs
  5 bats
  10 endoplasms
  3 giant cockroaches
  7 goblins
  5 hobgoblins
  3 jackals (D:4)
  7 quokkas
  11 ball pythons
  5 frilled lizards
  9 kobolds
  10 rats
120 creatures vanquished.

Vanquished Creatures (collateral kills)
  A foxfire (D:4)
1 creature vanquished.

Vanquished Creatures (others)
  527 foxfires
527 creatures vanquished.

Grand Total: 648 creatures vanquished

Notes
Turn   | Place    | Note
-------+----------+-------------------------------------------
     0 | D:1      | robertstho the Djinni Fire Elementalist began the quest for
                  | the Orb.
     0 | D:1      | Reached XP level 1. HP: 15/15 MP: 0/0
   453 | D:1      | Reached XP level 2. HP: 19/21 MP: 0/0
  1423 | D:2      | Reached XP level 3. HP: 21/26 MP: 0/0
  1423 | D:2      | Learned a level 1 spell: Pain
  1600 | D:2      | Reached skill level 3 in Spellcasting
  1676 | D:2      | Reached skill level 1 in Fighting
  2270 | D:2      | Noticed an ogre
  2378 | D:2      | Killed an ogre
  2379 | D:2      | Reached skill level 4 in Spellcasting
  2379 | D:2      | Reached XP level 4. HP: 21/32 MP: 0/0
  2379 | D:2      | Reached XP level 5. HP: 25/37 MP: 0/0
  2379 | D:2      | Learned a level 2 spell: Wereblood
  2732 | D:3      | Found an opulent altar of Gozag.
  3178 | D:3      | Became a worshipper of Gozag Ym Sagoz the Greedy
  3228 | D:3      | Found a blossoming altar of Fedhas.
  3535 | D:3      | Noticed a necrophage
  3900 | D:3      | Killed a necrophage
  3901 | D:3      | Reached XP level 6. HP: 33/43 MP: 0/0
  4342 | D:4      | Noticed Duvessa
  4342 | D:4      | Noticed Dowan
  4355 | D:4      | Killed Duvessa
  4356 | D:4      | Reached skill level 5 in Spellcasting
  4356 | D:4      | Reached XP level 7. HP: 18/49 MP: 0/0
  4356 | D:4      | Learned a level 2 spell: Static Discharge
  5528 | D:2      | Found a faded altar of an unknown god.
  6271 | D:4      | Noticed Natasha
  6279 | D:4      | Killed Natasha
  6375 | D:4      | Noticed Natasha
  6380 | D:4      | Killed Natasha
  6387 | D:4      | Killed Dowan
  6789 | D:4      | Noticed Blork the orc
  6794 | D:4      | Noticed Pikel
  6803 | D:4      | Killed Blork the orc
  6804 | D:4      | Reached skill level 6 in Spellcasting
  7072 | D:4      | Noticed Natasha
  7081 | D:4      | Killed Natasha
  7082 | D:4      | Reached XP level 8. HP: 51/55 MP: 0/0
  7226 | D:4      | Found a sacrificial altar of Ru.
  7454 | D:4      | Killed Pikel
  7455 | D:4      | Reached skill level 7 in Spellcasting
  7669 | D:4      | Found a basalt altar of Yredelemnul.
  7774 | D:5      | Entered Level 5 of the Dungeon
  7819 | D:5      | Shot with an arrow by a centaur

Illustrated notes

Levels and vault maps discovered:
D:1:      dpeg_arrival_stone_temple_mockup, layout_basic, minmay_pentomino_t4
D:2:      kb_forest_paths, layout_basic,
          hellmonk_ecumenical_altar_pennies_from_heaven, minmay_puff
D:3:      layout_loops_ring, mainiacjoe_overflow_cross_hatched, fedhas_altar_1,
          minmay_misc_feat_rows, grunt_decor_arrowhead, hex_tiny
D:4:      layout_loops_ring, mainiacjoe_overflow_tiny_flanked,
          mainiacjoe_overflow_swirl, minmay_cut_off, uniq_natasha, uniq_duvessa,
          uniq_pikel, uniq_blork_the_orc
D:5:      cheibrodos_quashed, layout_rooms, minmay_temple_entry_wispy

Skill      XL: |  1  2  3  4  5  6  7  8 |
---------------+-------------------------+-----
Spellcasting   | 4 5 6 7 |  7.4
Fighting       | 1 2 3 |  3.5
Stealth        | 2 |  2.5
Dodging        | 3 |  3.0

Action                   |  1- 3 |  4- 6 |  7- 9 || total
-------------------------+-------+-------+-------++-------
Melee: Dagger            |     3 |     6 |    25 ||    34
 Cast: Foxfire           |    94 |    83 |   177 ||   354
       Pain              |     3 |       |       ||     3
       Sticky Flame      |       |     3 |    11 ||    14
       Conjure Flame     |       |     1 |       ||     1
  Use: Scroll            |       |     1 |     4 ||     5
       Potion            |       |     1 |       ||     1
Armor: Robe              |     7 |     2 |    11 ||    20
Dodge: Dodged            |    24 |    11 |    28 ||    63

Table legend: (Time is in decaauts)
 A = Elapsed time spent in this place.
 B = Non-inter-level travel time spent in this place.
 C = Inter-level travel time spent in this place.
 D = Time resting spent in this place.
 E = Time spent auto-exploring this place.
 F = Levels seen in this place.
 G = Mean time per level.
                   A        B        C        D        E       F      G
               +--------+--------+--------+--------+--------+-----+--------+
         Total |   7802 |   7579 |    223 |    457 |   6154 |   5 | 1560.4 |
       Dungeon |   7802 |   7579 |    223 |    457 |   6154 |   5 | 1560.4 |
               +--------+--------+--------+--------+--------+-----+--------+

Top non-repeatable levels by time:
     D:4: 2248 daAuts
     D:2: 2175 daAuts
     D:3: 1945 daAuts
     D:1: 1402 daAuts
     D:5: 29 daAuts
